 Dungeon Crawl Stone Soup version 0.27.1-4-g1640c2035a (webtiles) character file.

Game seed: 9795552059259290782

1773 zeram the Basher (level 8, -9/75 HPs)
             Began as a Troll Fighter on Nov 10, 2021.
             Was an Initiate of Gozag.
             Shot with a bolt by an orc warrior (19 damage)
             ... in a bailey.
             The game lasted 00:12:41 (5081 turns).

zeram the Basher (Troll Fighter)                    Turns: 5081, Time: 00:12:41

Health: -9/75      AC: 10    Str: 26    XL:     8   Next: 80%
Magic:  16/16      EV: 11    Int:  5    God:    Gozag
Gold:   238        SH:  5    Dex:  9    Spells: 7/7 levels left

rFire    . . .     SeeInvis .   r - +1 giant club
rCold    . . .     Faith    .   (shield currently unavailable)
rNeg     . . .     Spirit   .   b - +0 robe
rPois    .         Reflect  +   (helmet restricted)
rElec    .         Harm     .   x - +1 cloak
rCorr    .         Rampage  .   (gloves unavailable)
Will     .....                  (boots unavailable)
Stlth    +.........             p - amulet of reflection
HPRegen  1.22/turn              e - ring of magical power
MPRegen  0.15/turn              j - +4 ring of protection

@: gold aura, studying 3 skills
A: large, unfitting armour, claws 3, regeneration 1, shaggy fur 1, tough skin 1
a: Renounce Religion, Potion Petition, Call Merchant, Bribe Branch


You were in a bailey.
You worshipped Gozag.
Gozag was aware of your devotion.
You visited 2 branches of the dungeon, and saw 8 of its levels.
You also visited: Bailey.

You collected 318 gold pieces.
You paid 80 gold pieces to Gozag.

Inventory:

Hand Weapons
 a - a +0 flail
 o - a +0 vorpal flail
 r - a +1 giant club (weapon)
 s - the +7 mace "Uzxowi" {vorpal, *Rage *Slow rElec rN+++}
   (You found it on level 7 of the Dungeon)

   It inflicts extra damage upon your enemies.
   rElec:     It insulates you from electricity.
   rN:        It renders you almost immune to negative energy.
   *Rage:     It may make you go berserk in combat.
   *Slow:     It may slow you when you take damage.
Missiles
 f - 61 stones (quivered)
Armour
 b - a +0 robe (worn)
 x - a +1 cloak (worn)
Jewellery
 e - a ring of magical power (left claw)
 j - a +4 ring of protection (right claw)
 l - a ring of magical power
 p - an amulet of reflection (around neck)
 z - a ring of ice
Wands
 n - a wand of flame (15)
 v - a wand of mindburst (13)
Scrolls
 g - 2 scrolls of immolation
 m - 2 scrolls of vulnerability
 q - 2 scrolls of teleportation
 y - a scroll of blinking {unknown}
Potions
 c - a potion of mutation
 d - 2 potions of might
 i - a potion of flight


   Skills:
 - Level 3.1 Fighting
 + Level 8.4 Maces & Flails
 + Level 6.0 Dodging
 - Level 2.4 Shields


You had 7 spell levels left.
You didn't know any spells.
Your spell library contained the following spells:

 Spells                   Type           Power      Damage    Failure   Level
 Magic Dart               Conj           0%         1d3       47%         1
 Call Imp                 Summ           0%         N/A       63%         2
 Mephitic Cloud           Conj/Pois/Air  0%         N/A       85%         3
 Stone Arrow              Conj/Erth      0%         3d7       85%         3
 Bolt of Magma            Conj/Fire/Erth 0%         4d4       100%        5
 Shatter                  Erth           0%         3d5*      100%        9


Dungeon Overview and Level Annotations

Branches:
Dungeon (7/15)             Temple (1/1) D:6          Bailey (1/1)

Altars:
Dithmenos
Gozag
Hepliaklqana
Makhleb
Nemelex Xobeh
Qazlal
Ru
Wu Jian
Zin

Shops:
D:4 *


Innate Abilities, Weirdness & Mutations

You are too large for most types of armour.
You have claws for hands.
Your natural rate of healing is unusually fast.
You are covered in fur. (AC +1)
You have tough skin. (AC +1)


Message History

The bolt hits the orc!
You kill the orc!
The orc shoots a bolt.
The bolt closely misses you.
No reachable target in view!
No reachable target in view!
An orc warrior comes into view. It is wielding a +0 arbalest.
Found a gate leading back out of this place.
The orc warrior shouts!
An orc comes into view. It is wielding a +0 arbalest.
The orc shouts!
The orc warrior shoots a bolt.
The bolt hits you!
The orc warrior shoots a bolt.
The bolt hits you!!
Items here: $ ( ) [.
The orc warrior shoots a bolt.
You reflect the bolt off an invisible shield around you!
The bolt misses the orc warrior.
The orc shoots a bolt.
The bolt barely misses you.
The orc warrior shoots a bolt.
The bolt hits you.
The orc shoots a bolt.
You reflect the bolt off an invisible shield around you!
The bolt hits the orc!
You kill the orc!
The orc warrior shoots a bolt.
The bolt hits you!
The orc unwields a +0 arbalest.
The orc closely misses you.
You closely miss the orc.
The orc warrior shoots a bolt.
The bolt closely misses you.
You closely miss the orc. The orc barely misses you.
The orc warrior shoots a bolt.
The bolt hits you! The orc hits you but does no damage.
You closely miss the orc. The orc hits you but does no damage.
You hit the orc.
The orc is moderately wounded.
The orc warrior shoots a bolt.
The bolt hits you!!
* * * LOW HITPOINT WARNING * * *
You block the orc's attack.
The orc warrior shoots a bolt.
The bolt barely misses you.
You bludgeon the orc!!
You kill the orc!
The orc warrior shoots a bolt.
The bolt hits you!!
You die...
Your body crumbles into a pile of gold.

......................
......................
≈≈≈≈.................≈ #
#≈≈...............≈≈
≈##.##≈...............≈#
≈..^..≈...............≈.
#.o#≈..$............≈#
≈≈#.#.≈....#######....≈.
.≈≈≈≈≈$@...# #....≈
...........# #...)
.............# ##..)
.........##..# #...
.........##.## ##..
.........##.+ #..
.........##.# #..
..........# .+ #..
..........## ##..


You could see an orc warrior.

Vanquished Creatures
  Grinder (D:4)
  3 orc warriors (Bailey)
  A black bear (D:6)
  An ogre (D:5)
  2 centaurs (D:6)
  A phantom (D:6)
  2 bullfrogs (D:5)
  A scorpion (D:5)
  2 orc priests
  2 hounds
  A bullfrog skeleton (D:6)
  A gnoll shaman (D:5)
  A jelly (D:5)
  A centaur skeleton (D:4)
  An iguana (D:5)
  2 orc wizards (D:4)
  A hound zombie (D:5)
  Robin (D:4)
  7 gnolls
  A howler monkey skeleton (D:5)
  10 adders
  2 white imps (D:6)
  An adder skeleton (D:4)
  4 worms
  A dart slug (D:2)
  29 orcs
  A ball python (D:3)
  5 bats
  8 endoplasms
  4 giant cockroaches
  13 goblins
  7 hobgoblins
  4 jackals (D:1)
  7 kobolds
  2 quokkas
  10 frilled lizards
  5 rats
146 creatures vanquished.

Vanquished Creatures (others)
  A kobold brigand (D:4)
  6 demonic plants (D:3)
  7 fungi (D:3)
  14 plants
  5 toadstools (D:1)
  3 withered plants (D:3)
36 creatures vanquished.

Grand Total: 182 creatures vanquished

Notes
Turn   | Place    | Note
-------+----------+-------------------------------------------
     0 | D:1      | zeram the Troll Fighter began the quest for the Orb.
     0 | D:1      | Reached XP level 1. HP: 22/22 MP: 0/0
   300 | D:1      | Reached XP level 2. HP: 23/29 MP: 1/1
   427 | D:1      | Reached skill level 2 in Maces & Flails
   900 | D:2      | Reached XP level 3. HP: 36/36 MP: 2/2
  1013 | D:2      | Reached XP level 4. HP: 44/44 MP: 3/3
  1509 | D:3      | Reached skill level 3 in Maces & Flails
  1717 | D:3      | Found a faded altar of an unknown god.
  1880 | D:3      | Reached XP level 5. HP: 35/53 MP: 4/4
  2565 | D:4      | Found Bistraot's General Store.
  2586 | D:4      | Noticed Grinder
  2590 | D:4      | Paralysed by Grinder for 2 turns
  2595 | D:4      | Paralysed by Grinder for 6 turns
  2604 | D:4      | Paralysed by Grinder for 2 turns
  2609 | D:4      | Killed Grinder
  2610 | D:4      | Reached skill level 4 in Maces & Flails
  2610 | D:4      | Reached XP level 6. HP: 48/61 MP: 5/5
  2696 | D:4      | Reached skill level 5 in Maces & Flails
  3024 | D:4      | Noticed Robin
  3025 | D:4      | Killed Robin
  3050 | D:4      | Reached XP level 7. HP: 67/67 MP: 6/6
  3396 | D:5      | Entered Level 5 of the Dungeon
  3620 | D:5      | Reached skill level 6 in Maces & Flails
  4276 | D:5      | Reached skill level 5 in Dodging
  4276 | D:5      | Reached XP level 8. HP: 67/75 MP: 7/7
  4362 | D:6      | Reached skill level 7 in Maces & Flails
  4370 | D:6      | Identified a scroll of acquirement
  4370 | D:6      | Acquired a manual of Necromancy
  4436 | D:6      | Found a staircase to the Ecumenical Temple.
  4441 | D:6      | Found the +2 cloak of the Thief {*Fog Slay-2 SInv Stlth+}
  4531 | Temple   | Entered the Ecumenical Temple
  4556 | Temple   | Became a worshipper of Gozag Ym Sagoz the Greedy
  4574 | D:6      | Identified the +8 chain mail of Mumblety Peg {Slay+3}
  4764 | D:7      | Found a flagged portal.
  4771 | D:7      | Identified the +7 mace "Uzxowi" {vorpal, *Rage *Slow rElec
                  | rN+++}
  4781 | Bailey   | Entered a bailey
  4789 | Bailey   | Reached skill level 8 in Maces & Flails
  5081 | Bailey   | Shot with a bolt by an orc warrior

Illustrated notes

Levels and vault maps discovered:
D:1:      ldierk_walled_garden, layout_loops_ring, st_stairs_5
D:2:      layout_basic, lightli_corner_chamber
D:3:      minmay_octagon_keep, layout_basic, shapermc_ecumenical_altar_gd
D:4:      layout_basic, serial_shops, nicolae_shop_trees, hangedman_decor_push,
          minmay_manual_macuahuitl, uniq_grinder, uniq_robin
D:5:      layout_loops_cross, wad_floor_pattern_untrapped, minmay_lizard_king
D:6:      layout_rooms, minmay_temple_entry_water_ring, minmay_manual_mares
D:7:      layout_loops_cross, enter_bailey_2, minmay_liquid_box,
          minmay_diced_spiral
Temple:   regret_index_temple_sigil_plot
Bailey:   bailey_polearm_2, bailey

Skill      XL: |  1  2  3  4  5  6  7  8 |
---------------+-------------------------+-----
Maces & Flails | 2 3 4 5 6 8 |  8.4
Dodging        | 3 4 5 6 |  6.0
Fighting       | 3 |  3.1
Shields        | |  2.4

Action                   |  1- 3 |  4- 6 |  7- 9 || total
-------------------------+-------+-------+-------++-------
Melee: Flail             |   135 |   234 |   126 ||   495
       Giant club        |       |       |    82 ||    82
Throw: Stone             |       |       |     2 ||     2
  Use: Scroll            |       |     3 |    10 ||    13
       Potion            |       |     1 |     6 ||     7
Armor: Robe              |    57 |    87 |    89 ||   233
       Skin              |       |       |     3 ||     3
Dodge: Dodged            |    72 |    86 |   139 ||   297
Block: Kite shield       |    82 |   140 |   107 ||   329
       Reflection        |       |     3 |    21 ||    24
       Other             |       |       |    45 ||    45
